 Dungeon Crawl Stone Soup version 0.28-a0-851-g8b9cc49659 (webtiles) character file.

Game seed: 6915948210360301122

2909 Crownlay the Basher (level 9, -3/120 HPs)
             Began as a Troll Berserker on Nov 14, 2021.
             Was a Priest of Trog.
             Slain by an orc warrior (14 damage)
             ... in a bailey.
             The game lasted 00:11:27 (4601 turns).

Crownlay the Basher (Troll Berserker)               Turns: 4601, Time: 00:11:27

Health: -3/120     AC:  4    Str: 30    XL:     9   Next: 49%
Magic:  8/8        EV: 14    Int:  3    God:    Trog [***...]
Gold:   359        SH:  0    Dex:  9    Spells: 8/8 levels left

rFire   . . .      SeeInvis .   a - +2 flail
rCold   . . .      Faith    .   (no shield)
rNeg    . . .      Spirit   .   b - +0 animal skin
rPois   .          Reflect  .   (helmet restricted)
rElec   .          Harm     .   (no cloak)
rCorr   .          Rampage  .   (gloves unavailable)
Will    ++...                   (boots unavailable)
Stlth   ..........              (no amulet)
HPRegen 2.30/turn               n - +4 ring of evasion
MPRegen 0.11/turn               (no ring)

@: berserking, strong-willed (expiring), regenerating (expiring), studying
Crossbows, very quick
A: large, unfitting armour, claws 3, regeneration 1, shaggy fur 1, tough skin 1
a: Renounce Religion, Berserk, Trog's Hand


You were in a bailey.
You worshipped Trog.
Trog was most pleased with you.
You visited 1 branch of the dungeon, and saw 7 of its levels.
You also visited: Sewer and Bailey.

You collected 359 gold pieces.

Inventory:

Hand Weapons
 a - a +2 flail (weapon)
 v - a +0 great mace
Missiles
 l - 48 poisoned darts (quivered)
 s - 3 throwing nets
 w - 6 silver javelins
Armour
 b - a +0 animal skin (worn)
Jewellery
 n - a +4 ring of evasion (left claw)
Wands
 t - a wand of iceblast (9)
Scrolls
 d - 2 scrolls of enchant weapon
 f - a scroll of fear
 h - a scroll of teleportation
 k - 2 scrolls of silence
 u - a scroll of identify
 x - a scroll of torment {unknown}
Potions
 c - a potion of invisibility {unknown}
 e - 3 potions of heal wounds
 g - 4 potions of flight
 i - 5 potions of curing
 j - a potion of might {unknown}
 m - a potion of ambrosia {unknown}
 o - 2 potions of degeneration
 p - a potion of lignification {unknown}
 q - a potion of berserk rage {unknown}
 r - a potion of resistance {unknown}


   Skills:
 - Level 2.4 Fighting
 + Level 9.6 Maces & Flails
 * Level 7.9 Throwing
 - Level 2.4 Dodging


You had 8 spell levels left.
You didn't know any spells.
Your spell library was empty.

Dungeon Overview and Level Annotations

Branches:
Dungeon (7/15)             Temple (0/1) D:4           Sewer (visited)
 Bailey (1/1)

Altars:
Trog

Shops:
D:4 (*   D:5 *

Annotations:
D:6 2 transporters, bmj180's ghost, novice DrCj


Innate Abilities, Weirdness & Mutations

You are too large for most types of armour.
You have claws for hands.
Your natural rate of healing is unusually fast.
You are covered in fur. (AC +1)
You have tough skin. (AC +1)


Message History

The orc warrior hits you from afar with a +0 glaive!
The orc warrior hits you with a +0 halberd!
The orc barely misses you.
You closely miss the orc warrior.
The orc warrior is heavily wounded.
The orc warrior misses you. The orc warrior completely misses you.
The orc barely misses you.
You sock the orc warrior!
The orc warrior is severely wounded.
The orc warrior misses you.
The orc warrior hits you with a +0 halberd!
The orc closely misses you.
You are too injured to fight recklessly!
You are too injured to fight recklessly!
You are too injured to fight recklessly!
A red film seems to cover your vision as you go berserk!
You feel yourself moving faster!
You feel mighty! The orc warrior closely misses you.
The orc warrior misses you.
The orc hits you from afar with a +0 trident!
You hit the orc warrior.
The orc warrior is almost dead.
The orc warrior hits you from afar with a +0 glaive!!
* * * LOW HITPOINT WARNING * * *
The orc warrior hits you with a +0 halberd!
* * * LOW HITPOINT WARNING * * *
You sock the orc warrior!
You kill the orc warrior!
Trog accepts your kill.
You feel the effects of Trog's Hand fading.
The orc barely misses you.
Your life force feels restored.
The orc warrior hits you with a +0 glaive.
* * * LOW HITPOINT WARNING * * *
The orc closely misses you.
The orc hits you from afar with a +0 spear.
* * * LOW HITPOINT WARNING * * *
You thump the orc warrior!
The orc warrior is moderately wounded.
The orc warrior hits you with a +0 glaive!
You die...

#∩.≈≈..# #+#..≈≈ #.≈≈..##
##.##..≈ #.≈..## ...##.o
#.≈.##.$$ ...##. #.≈.#####
##########o #.≈..#####
##.....o..o. #.≈≈≈≈≈≈≈#######
##..≈≈≈≈≈≈≈≈≈ #.........##..)##
##..≈≈........
########.##..≈)@###..≈≈..#######
####...##...≈≈ooo..≈≈..##
##∩..#######..≈≈≈≈≈≈≈..## #∩####
##.........## ### ###########


You could see an orc warrior and 2 orcs.

Vanquished Creatures
  Pikel (D:5)
  Eustachio (D:5)
  Menkaure (D:6)
  An orc warrior (Bailey)
  An ice beast (D:6)
  A sky beast (D:6)
  A black bear (D:5)
  An ogre (D:5)
  2 necrophages
  2 centaurs (D:6)
  2 phantoms (D:4)
  2 kobold brigands
  4 bullfrogs
  2 scorpions
  A water moccasin zombie (D:6)
  3 wights (D:6)
  2 bullfrog zombies (D:6)
  A jelly (D:6)
  2 hounds
  A bullfrog skeleton (D:5)
  An iguana (D:5)
  A gnoll shaman (D:6)
  An orc wizard (D:5)
  A howler monkey zombie (D:6)
  9 gnolls
  7 adders
  A howler monkey skeleton (D:6)
  A river rat (Sewer)
  A shadow imp (D:6)
  2 adder skeletons (D:4)
  3 worms
  8 orcs
  3 endoplasms
  5 giant cockroaches
  11 goblins
  6 hobgoblins
  16 jackals
  6 quokkas
  11 ball pythons
  7 bats
  7 frilled lizards
  11 kobolds
  12 rats
  2 bushes (D:5)
165 creatures vanquished.

Vanquished Creatures (others)
  9 plants (D:5)
9 creatures vanquished.

Grand Total: 174 creatures vanquished

Notes
Turn   | Place    | Note
-------+----------+-------------------------------------------
     0 | D:1      | Crownlay the Troll Berserker began the quest for the Orb.
     0 | D:1      | Reached XP level 1. HP: 22/22 MP: 0/0
    89 | D:1      | Reached skill level 1 in Throwing
   106 | D:1      | Reached XP level 2. HP: 29/29 MP: 1/1
   200 | D:1      | Reached skill level 3 in Maces & Flails
   343 | D:1      | Found a faded altar of an unknown god.
   385 | D:1      | Reached ** piety under Trog
   395 | D:1      | Reached XP level 3. HP: 35/36 MP: 2/2
   569 | D:2      | Reached XP level 4. HP: 31/44 MP: 3/3
  1040 | D:2      | Found a bloodstained altar of Trog.
  1310 | D:3      | Reached XP level 5. HP: 48/50 MP: 4/4
  1552 | D:3      | Reached *** piety under Trog
  1771 | D:4      | Found Qeemieg's Antique Weapon Emporium.
  1805 | D:4      | Reached skill level 4 in Maces & Flails
  1933 | D:4      | Found a staircase to the Ecumenical Temple.
  1968 | D:4      | Noticed a necrophage
  1985 | D:4      | Killed a necrophage
  1986 | D:4      | Reached XP level 6. HP: 51/57 MP: 5/5
  2081 | D:4      | Reached skill level 5 in Throwing
  2190 | D:4      | Found Jies Jogh's Assorted Antiques.
  2224 | D:4      | Reached XP level 7. HP: 34/66 MP: 6/6
  2418 | D:5      | Entered Level 5 of the Dungeon
  2502 | D:5      | Noticed Pikel
  2520 | D:5      | Killed Pikel
  2521 | D:5      | Reached skill level 6 in Maces & Flails
  2521 | D:5      | Reached XP level 8. HP: 61/74 MP: 7/7
  2627 | D:5      | Reached skill level 7 in Maces & Flails
  2747 | D:5      | Noticed Eustachio
  2763 | D:5      | Killed Eustachio
  2868 | D:5      | Reached skill level 8 in Maces & Flails
  2946 | D:5      | Found Hauhtie's Humungous Hoard.
  3054 | D:5      | Found a glowing drain.
  3058 | Sewer    | Entered a sewer
  3183 | Sewer    | Found a white marble altar of Elyvilon.
  3875 | D:6      | Found a transporter.
  3879 | D:6      | Noticed bmj180's ghost (novice DrCj)
  3907 | D:6      | Reached skill level 9 in Maces & Flails
  3940 | D:6      | Noticed Menkaure
  3960 | D:6      | Killed Menkaure
  3961 | D:6      | Reached XP level 9. HP: 46/80 MP: 8/8
  4110 | D:6      | Found a transporter.
  4473 | D:7      | Found a flagged portal.
  4486 | Bailey   | Entered a bailey
  4601 | Bailey   | Slain by an orc warrior

Illustrated notes

Levels and vault maps discovered:
D:1:      saegor_arrival_simple_b, layout_rooms,
          chequers_ecumenical_altar_grove, minmay_fountain_box,
          minmay_split_cup_small
D:2:      layout_basic, basic_altar, minmay_tromino_v2
D:3:      layout_rooms, amcnicky_mini_rare_corridor_liquid
D:4:      layout_loops_ring, minmay_temple_entry_junction_2, serial_shops,
          shop_statue, nicolae_square_shop
D:5:      layout_loops_ring, gup_sewer_entry_bowl, kennysheep_another_room,
          nicolae_alphabet_shops, minivault_27, lexackson_kobold_supper,
          uniq_eustachio, uniq_pikel
D:6:      layout_rooms, gammafunk_ghost_arena, st_stairs_4, minmay_manual_mares,
          uniq_menkaure
D:7:      layout_rooms, enter_bailey_5
Bailey:   bailey_polearm_1, bailey

Skill      XL: |  1  2  3  4  5  6  7  8  9 |
---------------+----------------------------+-----
Throwing       | 1 2 3 4 5 6 7 |  7.9
Maces & Flails | 3 4 6 9 |  9.6
Fighting       | |  2.4
Dodging        | |  2.4

Action                   |  1- 3 |  4- 6 |  7- 9 || total
-------------------------+-------+-------+-------++-------
Melee: Mace              |   135 |   234 |   421 ||   790
       Great mace        |       |       |    28 ||    28
       Flail             |       |       |    26 ||    26
Throw: Dart              |       |    19 |     6 ||    25
Invok: Trog's Hand       |     2 |     5 |    11 ||    18
       Berserk           |     1 |     2 |     4 ||     7
Evoke: Wand              |       |       |     1 ||     1
  Use: Scroll            |       |     4 |     4 ||     8
Armor: Animal skin       |    65 |   103 |    66 ||   234
Dodge: Dodged            |   116 |   188 |   337 ||   641

Table legend: (Time is in decaauts)
 A = Elapsed time spent in this place.
 B = Non-inter-level travel time spent in this place.
 C = Inter-level travel time spent in this place.
 D = Time resting spent in this place.
 E = Time spent auto-exploring this place.
 F = Levels seen in this place.
 G = Mean time per level.
                   A        B        C        D        E       F      G
               +--------+--------+--------+--------+--------+-----+--------+
         Total |   4747 |   4480 |    267 |      0 |   2504 |   9 |  527.4 |
       Dungeon |   4437 |   4170 |    267 |      0 |   2365 |   7 |  633.9 |
         Sewer |    196 |    196 |      0 |      0 |    128 |   1 |  196.0 |
        Bailey |    113 |    113 |      0 |      0 |     11 |   1 |  113.0 |
               +--------+--------+--------+--------+--------+-----+--------+

Top non-repeatable levels by time:
     D:5: 1250 daAuts
     D:4: 772 daAuts
     D:2: 714 daAuts
     D:3: 549 daAuts
     D:6: 513 daAuts
     D:1: 481 daAuts
   Sewer: 196 daAuts
     D:7: 154 daAuts
  Bailey: 113 daAuts
